 Dungeon Crawl Stone Soup version 0.20.1-1-g8b1a95d (webtiles) character file.

16649 letownia2 the Reanimator (level 12, -5/99 HPs)
             Began as a Deep Dwarf Necromancer on Dec 16, 2017.
             Was an Initiate of Gozag.
             Slain by Snorg (7 damage)
             ... on level 12 of the Dungeon.
             The game lasted 00:42:59 (11857 turns).

letownia2 the Reanimator (Deep Dwarf Necromancer)  Turns: 11857, Time: 00:43:00

Health: -5/99      AC: 17    Str: 16    XL:     12   Next: 11%
Magic:  17/25      EV: 16    Int: 17    God:    Gozag
Gold:   1340       SH:  0    Dex: 13    Spells: 25/29 levels left

rFire    . . .     SeeInvis .   a - +2 whip (elec)
rCold    . . .     Gourm    .   (no shield)
rNeg     . . .     Faith    .   Z - +0 scale mail
rPois    .         Spirit   .   D - +0 helmet
rElec    .         Reflect  .   x - scarf {repulsion}
rCorr    .         Harm     .   (no gloves)
MR       +....                  p - +1 pair of boots
Stlth    +.........             (no amulet)
Regen    0.0/turn               q - +5 ring of evasion
MPRegen  0.2/turn               k - +5 ring of protection

@: about to teleport, non-regenerating, repel missiles
A: damage resistance, heal wounds, sense surroundings 2, no regeneration
a: Heal Wounds, Potion Petition, Call Merchant, Bribe Branch, Renounce Religion


You were on level 12 of the Dungeon.
You worshipped Gozag.
Gozag was most pleased with you.
You were not hungry.

You visited 2 branches of the dungeon, and saw 14 of its levels.

You collected 2612 gold pieces.
You spent 166 gold pieces at shops.
You paid 1106 gold pieces to Gozag.

Inventory:

Hand Weapons
 a - a +2 whip of electrocution (weapon)
 b - a +5 battleaxe of freezing
 h - a +1 scimitar of flaming
Armour
 i - the +1 shield of Dramatic Exits {*Slow rF+ Str+3}
   (You found it on level 10 of the Dungeon)

   It affects your strength (+3).
   It protects you from fire.
   It may slow you when you take damage.
 p - a +1 pair of boots (worn)
 x - a scarf of repulsion (worn)
 D - a +0 helmet (worn)
 E - a +1 cloak of poison resistance
 J - a +3 leather armour of positive energy
 M - a +1 cloak of invisibility
 S - a scarf of cloud immunity
 Z - a +0 scale mail (worn)
Magical Staves
 Q - an uncursed staff of fire {unknown}
 X - an uncursed staff of cold
Jewellery
 d - an uncursed ring of wizardry
 k - a +5 ring of protection (right hand)
 q - a +5 ring of evasion (left hand)
 H - an uncursed ring of positive energy
 T - an uncursed ring of fire
Wands
 s - a wand of lightning (6/15)
 u - a wand of acid (2/15)
 v - a wand of iceblast (8/15)
 A - a wand of paralysis (9/24)
 F - a wand of clouds (4/9)
 I - a wand of confusion (6/48)
 R - a wand of polymorph (6/24)
Scrolls
 j - 3 scrolls of magic mapping
 l - a scroll of immolation
 m - 2 scrolls of teleportation
 o - 5 scrolls of remove curse
 y - 3 scrolls of fog
 O - a scroll of recharging
 Y - a scroll of fear {unknown}
Potions
 e - 3 potions of resistance
 f - 2 potions of brilliance
 g - 2 potions of ambrosia
 n - 2 potions of invisibility
 t - 2 potions of curing
 w - 2 potions of haste
 z - a potion of agility
 B - a potion of heal wounds
 C - 2 potions of mutation
 G - 4 potions of might
 K - 3 potions of berserk rage
 L - 2 potions of flight
 U - 2 potions of lignification
 V - 2 potions of magic
Miscellaneous
 r - a crystal ball of energy
 W - a lightning rod (4/4)
Comestibles
 c - 5 bread rations
 N - a meat ration
 P - 4 royal jellies


   Skills:
 - Level 3.7 Fighting
 - Level 8.2 Axes
 + Level 9.1 Armour
 - Level 3.5 Dodging
 - Level 2.4 Stealth
 - Level 9.1 Spellcasting
 - Level 12.2 Necromancy
 - Level 6.0 Evocations


You had 25 spell levels left.
You knew the following spells:

 Your Spells              Type           Power        Failure   Level  Hunger
a - Pain                  Necr           ####         1%          1    None
v - Vampiric Draining     Necr           #####.....   1%          3    None


Dungeon Overview and Level Annotations

Branches:
Dungeon (12/15)            Temple (0/1) D:7            Lair (2/6) D:11
    Orc (0/2) D:11
  Swamp: Lair:2-4    Shoals: Lair:2-4     Snake: Lair:2-4    Spider: Lair:2-4

Altars:
Dithmenos
Fedhas
Gozag
Kikubaaqudgha
Nemelex Xobeh
Qazlal
Trog
Zin
The Shining One

Shops:
D:7 =   D:8 [   D:9 *=*(!   Lair:2 [

Annotations:
D:3 Grinder
D:4 exclusion: 2 worms
D:8 soepske's ghost, novice DsAK
D:11 1 exclusion
D:12 Snorg


Innate Abilities, Weirdness & Mutations

You are resistant to damage.
You can heal yourself by infusing magical energy.
You passively map the area around you.
You do not regenerate.


Message History

Snorg shouts!
The freezing wraith completely misses you.
The freezing wraith hits you!
You see here a centaur barding.
Snorg goes berserk!
You hear a shout!
Snorg bites you!! Snorg misses you. Snorg claws you!
* * * LOW HITPOINT WARNING * * *
Unknown command.
As you read the scroll of teleportation, it crumbles to dust.
You feel strangely unstable. Snorg closely misses you. Snorg barely misses you.
Snorg claws you!
* * * LOW HITPOINT WARNING * * *
Unknown command.
Unknown command.
Snorg misses you. Snorg claws you!
* * * LOW HITPOINT WARNING * * *
Snorg claws you!
You die...
Your body crumbles into a pile of gold.

##.............#####.#.#.#
.#..#.###..##.#.####.#.#.#
.#..#.# #....###.....#.#.#
....#.###..##.#/######...#####
....#........................#*
....######.###/##.###.##<###...
..(.# #.# #.##.###....# *.
....######(###.##.##..##.#
.........(.((.WT@.....##.# * ,
....######....######$###.# * *,
........"#.........#.# #.#
.##......#.........#$# #.# , ,
.##......#.........#.# #.# *
.........#.........#T# *, *
....#....#........[#.# , *
.....................# * ,
......##.............# *,


You could see Snorg (berserk) and a freezing wraith.

Vanquished Creatures
  Josephine (D:10)
  A hydra (D:11)
  A two-headed ogre (D:11)
  Erica (D:10)
  2 unseen horrors
  An oklob plant (Lair:1)
  3 ugly things (D:12)
  A wolf spider (D:12)
  A deep elf mage (D:12)
  A cyclops (D:12)
  A manticore (D:9)
  Maurice (D:12)
  Joseph (D:10)
  A spiny frog (Lair:1)
  A hornet (D:11)
  A troll (D:10)
  3 hippogriffs
  A shadow (D:11)
  6 wraiths
  2 wyverns
  A hungry ghost (D:12)
  A steam dragon (D:7)
  A water moccasin (Lair:1)
  3 phantoms
  3 sky beasts
  4 orc warriors
  A black bear (D:9)
  10 ogres
  7 centaurs
  12 bullfrogs
  2 scorpions
  2 wyvern skeletons
  5 killer bees (D:7)
  13 wights
  3 howler monkeys
  2 crimson imps (D:7)
  A bullfrog zombie (D:11)
  3 centaur zombies
  5 jellies
  2 quasits (D:10)
  2 hounds
  Crazy Yiuf (D:4)
  5 orc priests
  A centaur skeleton (D:4)
  2 gnoll shamans
  A bullfrog skeleton (D:11)
  9 orc wizards
  Ijyb (D:4)
  Natasha (thrice) (D:4)
  4 iguanas
  8 worker ants
  A killer bee zombie (D:7)
  A howler monkey zombie (D:8)
  3 gnolls (D:6)
  11 adders
  A shadow imp (D:10)
  5 oozes (D:8)
  An adder zombie (D:5)
  An adder skeleton (D:8)
  3 dart slugs (D:4)
  5 leopard geckos
  36 orcs
  5 bats
  2 giant cockroaches
  7 hobgoblins
  6 jackals
  A quokka (D:7)
  3 ball pythons
  5 frilled lizards
  4 goblins
  A jackal skeleton (D:8)
  8 kobolds
  9 rats
268 creatures vanquished.

Vanquished Creatures (others)
  An orc (D:10)
1 creature vanquished.

Grand Total: 269 creatures vanquished

Notes
Turn   | Place    | Note
-------+----------+-------------------------------------------
     0 | D:1      | letownia2 the Deep Dwarf Necromancer began the quest for the Orb.
     0 | D:1      | Reached XP level 1. HP: 15/15 MP: 3/3
   359 | D:1      | Reached XP level 2. HP: 22/22 MP: 0/5
   526 | D:2      | Reached skill level 5 in Necromancy
   862 | D:3      | Reached XP level 3. HP: 16/28 MP: 2/6
   897 | D:3      | Learned a level 3 spell: Vampiric Draining
  1007 | D:4      | Found an opulent altar of Gozag.
  1018 | D:4      | Became a worshipper of Gozag Ym Sagoz the Greedy
  1157 | D:4      | Noticed Natasha
  1168 | D:4      | Killed Natasha
  1313 | D:3      | Reached XP level 4. HP: 30/36 MP: 6/8
  1352 | D:4      | Noticed Natasha
  1360 | D:4      | Killed Natasha
  1404 | D:3      | Reached XP level 5. HP: 16/42 MP: 0/10
  1519 | D:3      | Found a stormy altar of Qazlal.
  1645 | D:3      | Noticed Grinder
  1712 | D:2      | Found a faded altar of an unknown god.
  2990 | D:4      | Reached skill level 6 in Necromancy
  3043 | D:4      | Noticed Natasha
  3097 | D:4      | Reached XP level 6. HP: 13/49 MP: 1/11
  3427 | D:4      | Reached skill level 7 in Necromancy
  3500 | D:4      | Killed Natasha
  3571 | D:4      | Noticed Ijyb
  3657 | D:4      | Killed Ijyb
  3798 | D:4      | Found a runed door.
  3899 | D:4      | Found a glowing silver altar of Zin.
  3957 | D:4      | Reached skill level 8 in Necromancy
  3993 | D:4      | Noticed Crazy Yiuf
  3999 | D:4      | Killed Crazy Yiuf
  3999 | D:4      | Reached XP level 7. HP: 39/55 MP: 3/12
  4281 | D:5      | Entered Level 5 of the Dungeon
  4370 | D:5      | Found an ancient bone altar of Kikubaaqudgha.
  4805 | D:5      | Reached skill level 1 in Fighting
  5400 | D:6      | Found a blossoming altar of Fedhas.
  5561 | D:6      | Reached skill level 1 in Armour
  5815 | D:7      | Reached XP level 8. HP: 62/67 MP: 15/15
  5850 | D:7      | Reached skill level 5 in Spellcasting
  5893 | D:7      | Found a staircase to the Ecumenical Temple.
  6218 | D:7      | Found a shadowy altar of Dithmenos.
  6417 | D:7      | Reached skill level 1 in Evocations
  6498 | D:7      | Gained mutation: You passively map the area around you. [Deep Dwarf growth]
  6498 | D:7      | Reached XP level 9. HP: 48/73 MP: 0/20
  6805 | D:7      | Found a bloodstained altar of Trog.
  7025 | D:8      | Found Pinkuett's Antique Armour Boutique.
  7299 | D:8      | Noticed soepske's ghost (novice DsAK)
  7846 | D:9      | Found Bahej's Jewellery Shop.
  7856 | D:9      | Reached skill level 5 in Evocations
  7934 | D:9      | Found Leggepp's General Store.
  7973 | D:9      | Found a sparkling altar of Nemelex Xobeh.
  7985 | D:9      | Found Pyeclew's Distillery.
  8000 | D:9      | Bought a potion of berserk rage for 70 gold pieces
  8015 | D:9      | Found Vysup's Antique Weapon Boutique.
  8094 | D:9      | Found Engaifad's Assorted Antiques.
  8107 | D:9      | Reached skill level 1 in Axes
  8107 | D:9      | Reached XP level 10. HP: 76/84 MP: 12/23
  8133 | D:9      | Bought a metallic pink potion for 24 gold pieces
  8133 | D:9      | Bought a fuming white potion for 24 gold pieces
  8133 | D:9      | Bought a green potion for 24 gold pieces
  8133 | D:9      | Bought a metallic pink potion for 24 gold pieces
  8233 | D:9      | Noticed a manticore
  8280 | D:9      | Killed a manticore
  8280 | D:9      | Reached skill level 9 in Necromancy
  8618 | D:9      | Found a glowing golden altar of the Shining One.
  8656 | D:10     | Entered Level 10 of the Dungeon
  8749 | D:10     | Got a faintly humming shield
  8757 | D:10     | Identified the +1 shield of Dramatic Exits {*Slow rF+ Str+3} (You found it on level 10 of the Dungeon)
  8791 | D:10     | Noticed Josephine
  8896 | D:10     | Reached skill level 10 in Necromancy
  9265 | D:10     | Noticed Joseph
  9281 | D:10     | Killed Joseph
  9281 | D:10     | Reached skill level 5 in Axes
  9371 | D:9      | Reached skill level 11 in Necromancy
  9390 | D:10     | Noticed Erica
  9467 | D:10     | Killed Erica
  9467 | D:10     | Reached XP level 11. HP: 82/91 MP: 18/24
  9485 | D:10     | Killed Josephine
  9649 | D:10     | Killed an unseen horror
 10022 | D:11     | Noticed a two-headed ogre
 10046 | D:11     | Killed a two-headed ogre
 10151 | D:11     | Reached skill level 12 in Necromancy
 10309 | D:11     | Found a staircase to the Orcish Mines.
 10597 | D:11     | Found a staircase to the Lair.
 10631 | Lair:1   | Entered Level 1 of the Lair of Beasts
 10631 | Lair:1   | Noticed an oklob plant
 10645 | Lair:1   | Killed an oklob plant
 11316 | D:12     | Reached skill level 5 in Armour
 11339 | D:12     | Noticed Maurice
 11343 | D:12     | Noticed a deep elf mage
 11346 | D:12     | Killed a deep elf mage
 11351 | D:12     | Killed Maurice
 11442 | D:12     | Noticed a white ugly thing
 11445 | D:12     | Noticed a cyan ugly thing
 11447 | D:12     | Noticed a purple ugly thing
 11455 | D:12     | Killed a white ugly thing
 11455 | D:12     | Killed a purple ugly thing
 11460 | D:12     | Killed a cyan ugly thing
 11485 | D:12     | Noticed a wolf spider
 11503 | D:12     | Killed a wolf spider
 11555 | D:12     | Noticed a five-headed hydra
 11562 | D:12     | Noticed a five-headed hydra
 11593 | D:11     | Killed a five-headed hydra
 11593 | D:11     | Reached XP level 12. HP: 54/99 MP: 0/25
 11749 | D:12     | Noticed a two-headed ogre
 11791 | D:12     | Noticed Snorg
 11857 | D:12     | HP: 2/99 [Snorg (10)]
 11857 | D:12     | Slain by Snorg

Skill      XL: |  1  2  3  4  5  6  7  8  9 10 11 12 |
---------------+-------------------------------------+-----
Spellcasting   | 2 3 4 7 9 |  9.1
Necromancy     | 5 6 8 11 12 | 12.2
Fighting       | 2 3 |  3.7
Armour         | 2 8 9 |  9.1
Dodging        | 3 |  3.5
Evocations     | 3 5 6 |  6.0
Axes           | 1 6 8 |  8.2
Stealth        | |  2.4

Action                   |  1- 3 |  4- 6 |  7- 9 | 10-12 || total
-------------------------+-------+-------+-------+-------++-------
Melee: Dagger            |    28 |    48 |    13 |       ||    89
       Whip              |       |       |   302 |   307 ||   609
       Battleaxe         |       |       |       |     5 ||     5
Throw: Tomahawk          |       |     2 |     6 |     4 ||    12
 Cast: Pain              |    37 |    89 |    58 |    32 ||   216
       Vampiric Draining |     3 |    19 |    71 |   139 ||   232
Invok: Call Merchant     |       |       |     1 |     1 ||     2
Evoke: Wand              |       |     1 |     3 |    23 ||    27
       Lightning rod     |       |       |       |     4 ||     4
  Use: Potion            |       |     2 |     1 |       ||     3
       Scroll            |       |       |    14 |    15 ||    29
 Stab: Distracted        |       |       |     5 |       ||     5
       Sleeping          |       |       |     4 |     2 ||     6
       Confused          |       |       |     1 |       ||     1
       Paralysed         |       |       |       |    18 ||    18
  Eat: Chunk             |     2 |       |       |       ||     2
       Meat ration       |       |     2 |     2 |       ||     4
       Fruit             |       |       |     8 |       ||     8
       Royal jelly       |       |       |       |     7 ||     7
Armor: Ring mail         |    26 |    33 |       |       ||    59
       Leather armour    |       |     1 |   141 |   115 ||   257
       Scale mail        |       |       |       |    60 ||    60
Dodge: Dodged            |    33 |    54 |   275 |   391 ||   753
       Deflected         |       |     1 |     5 |     4 ||    10
